AoeStats
← Malcolm Little

Black Forest

508959245Analyzed
4v4 RM · 6d ago on Sep 24, 2026· 44m 50s· 8 players
Game mode
Random Map
Map size
Large (8 player)
Population
200
Speed
Normal
Resources
Standard
Victory
Conquest
Starting age
Dark Age
Ending age
Imperial Age
RankedLock teamsTeams togetherTeam positionsShared explorationLock speedFull tech treeHidden civsTurbo modeCheats
Victory
Defeat
🇪🇸 Portuguese · Spain
1642
+9
🇪🇸 Burgundians · Spain
1611
+10
🇪🇸 Wei · Spain
1603
+11
🇪🇸 Shu · Spain
1569
+12
🇦🇹 Danes · Austria
1532
-12
🇨🇭 Berbers · Switzerland
1515
-12
🇵🇾 Malians · Paraguay
1446
-9
🇩🇴 Chinese · Dominican Republic
1437
-9
mt
10:22 Feudal Age
13:56 Castle Age
12:42 Double-Bit Axe
13:44 Horse Collar
13:56 Gold Mining
15:19 Bow Saw
15:10 Heavy Plow
21:11 Wheelbarrow
21:13 Gold Mining
22:34 Hand Cart
23:59 Gold Shaft Mining
27:42 Imperial Age
25:09 Loom
25:55 Fletching
28:58 Padded Archer Armor
28:55 Bodkin Arrow
29:25 Conscription
30:18 Chemistry
29:39 Ballistics
29:24 Town Watch
30:15 Masonry
30:27 Siege Engineers
30:39 Masonry
31:00 Bracer
31:15 Leather Archer Armor
36:11 Ring Archer Armor
Malcolm Little
0:26 Loom
10:17 Feudal Age
15:33 Castle Age
13:40 Double-Bit Axe
14:03 Horse Collar
15:15 Gold Mining
24:13 Bow Saw
25:37 Heavy Plow
26:51 Wheelbarrow
30:41 Imperial Age
29:18 Hand Cart
30:24 Gold Shaft Mining
30:22 Fletching
30:32 Padded Archer Armor
31:22 Ballistics
31:14 Masonry
30:57 Stone Mining
31:29 Bodkin Arrow
32:36 Chemistry
31:04 Capped Ram
32:19 Leather Archer Armor
31:55 Crossbowman
32:36 Bracer
32:00 Siege Ram
33:05 Thumb Ring
33:06 Arbalester
34:33 Ring Archer Armor
35:13 Elite Fire Lancer
35:54 Squires
35:40 Arson
35:56 Scale Mail Armor
36:07 Forging
37:00 Two-Man Saw
35:56 Heavy Rocket Cart
39:31 Elite Skirmisher
41:04 Pikeman
miguel_carl7s
3:24 Loom
13:38 Feudal Age
17:14 Castle Age
15:22 Double-Bit Axe
30:11 Horse Collar
31:52 Town Watch
32:27 Scale Mail Armor
33:41 Gold Mining
33:41 Stone Mining
35:24 Wheelbarrow
36:21 Heavy Plow
38:21 Forging
40:32 Gold Shaft Mining
40:17 Fletching
43:06 Chain Mail Armor
43:28 Bow Saw
Joker
1:12 Loom
12:04 Feudal Age
16:41 Castle Age
15:21 Double-Bit Axe
19:13 Bow Saw
18:54 Horse Collar
25:30 Wheelbarrow
27:32 Hand Cart
31:46 Imperial Age
29:12 Pikeman
29:52 Squires
29:38 Arson
30:05 Forging
29:55 Scale Mail Armor
32:31 Iron Casting
32:11 Chain Mail Armor
32:03 Halberdier
33:28 Siege Engineers
33:45 Ballistics
34:28 Chemistry
33:27 Onager
34:44 Siege Onager
38:48 Blast Furnace
38:19 Plate Mail Armor
DK_Nightclaim
5:03 Double-Bit Axe
10:53 Feudal Age
9:34 Loom
9:43 Loom
10:49 Loom
15:08 Castle Age
13:13 Loom
13:41 Horse Collar
14:19 Bow Saw
22:10 Wheelbarrow
26:34 Imperial Age
25:12 Hand Cart
24:43 Town Watch
25:00 Heavy Plow
25:25 Gold Mining
26:39 Two-Man Saw
27:06 Burgundian Vineyards
27:12 Burgundian Vineyards
28:27 Chemistry
28:14 Padded Archer Armor
29:48 Caravan
30:55 Leather Archer Armor
34:46 Conscription
34:33 Scale Barding Armor
34:38 Forging
35:53 Chain Barding Armor
35:03 Cavalier
35:43 Husbandry
36:24 Paladin
37:57 Fletching
38:49 Plate Barding Armor
39:46 Coinage
42:38 Iron Casting
DK_Dani
10:57 Feudal Age
14:43 Castle Age
13:22 Double-Bit Axe
13:19 Horse Collar
14:04 Gold Mining
15:40 Bow Saw
15:44 Heavy Plow
24:01 Wheelbarrow
23:12 Loom
25:51 Hand Cart
25:21 Town Watch
27:59 Gold Shaft Mining
27:18 Stone Mining
28:15 Caravan
29:39 Stone Shaft Mining
32:28 Imperial Age
29:52 Treadmill Crane
30:23 Masonry
30:28 Scale Barding Armor
31:50 Bloodlines
31:41 Husbandry
32:05 Chain Barding Armor
31:56 Forging
32:57 Tuntian
32:33 Elite Tiger Cavalry
33:35 Conscription
33:53 Iron Casting
34:32 Ming Guang Armor
34:15 Onager
39:04 Coinage
44:14 Blast Furnace
43:04 Fletching
43:39 Ballistics
44:20 Chemistry
DK_Exmerior
0:35 Loom
10:25 Feudal Age
15:35 Castle Age
14:02 Double-Bit Axe
14:15 Horse Collar
16:32 Bow Saw
21:58 Wheelbarrow
22:12 Gold Mining
23:46 Heavy Plow
28:24 Imperial Age
27:02 Hand Cart
27:44 Stone Mining
28:50 Scale Mail Armor
30:17 Chemistry
30:52 Two-Man Saw
30:29 Crop Rotation
31:15 Chain Mail Armor
32:21 Conscription
32:30 Ballistics
34:52 Masonry
35:57 Arquebus
36:52 Pikeman
37:21 Halberdier
38:13 Forging
39:19 Plate Mail Armor
39:24 Iron Casting
42:44 Blast Furnace
DK_Akutuhaburu
1:54 Loom
11:49 Feudal Age
15:28 Castle Age
13:35 Double-Bit Axe
13:48 Horse Collar
14:57 Gold Mining
16:30 Scale Barding Armor
16:02 Light Cavalry
27:38 Wheelbarrow
26:49 Town Watch
28:22 Hand Cart
32:47 Imperial Age
29:48 Crossbowman
30:32 Fletching
30:43 Padded Archer Armor
31:05 Bodkin Arrow
31:41 Thumb Ring
32:52 Bow Saw
33:35 Ballistics
33:36 Bracer
34:43 Chemistry
34:41 Arbalester
38:22 Leather Archer Armor
38:27 Siege Engineers
38:33 Masonry
42:10 Conscription
42:15 Bolt Magazine
42:47 Bolt Magazine
43:37 Architecture
Connection lost

Rejoining the realm…

Still unreachable

The connection could not be restored.

Session expired

The server has moved on; the page needs a fresh start.